Match 37316186
Unlisted

Match 37316186
End
Construct Section Command Post
Infantry Section
Infantry Section
ML 3-inch Mortar Team
Vickers Machine Gun Team
Construct Platoon Command Post
Construct Field Infirmary
6-pounder Anti-tank Gun Team
banksss33
Milliam
Roger Roach
Max Emotional Damage
全面解放陣綫突擊型&41
幼稚也可爱
0
0

Comments sign in to comment!

No comments posted yet!